 Dungeon Crawl Stone Soup version 0.29.1-14-g9c671dbff4 (webtiles) character file.

Game seed: 11906495337415580835

3968 Wobber the Destroyer (level 10, -3/48 HPs)
             Began as a Felid Conjurer on Feb 12, 2023.
             Was a Priest of Vehumet.
             Slain by a cane toad (21 damage)
             ... on level 2 of the Lair of Beasts on Feb 13, 2023.
             The game lasted 01:21:30 (22567 turns).

Wobber the Destroyer (Felid Conjurer)              Turns: 22567, Time: 01:21:31

Health: -3/48      AC:  2    Str:  3    XL:     10   Next: 2%
Magic:  10/22      EV: 25    Int: 24    God:    Vehumet [***...]
Gold:   765        SH:  0    Dex: 15    Spells: 3/24 levels left
                                        Lives:  0   Deaths: 2

rFire   . . .      SeeInvis +   (weapon unavailable)
rCold   . . .      Faith    .   (shield unavailable)
rNeg    . . .      Spirit   .   (body armour unavailable)
rPois   .          Reflect  .   (helmet unavailable)
rElec   .          Harm     .   (cloak unavailable)
rCorr   .          Rampage  .   (gloves unavailable)
Will    +....                   (boots unavailable)
Stlth   ++++......              (no amulet)
HPRegen 0.16/turn               x - +4 ring of evasion
MPRegen 0.18/turn               (no ring)

@: lethally poisoned (-3 -> -17), quick
A: very small, claws 1, fangs 3, see invisible, speed 1, shaggy fur 2, stealthy
paws, no weapons or thrown items, no armour, multi-lived
a: Renounce Religion


You were on level 2 of the Lair of Beasts.
You worshipped Vehumet.
Vehumet was most pleased with you.
You visited 3 branches of the dungeon, and saw 14 of its levels.
You also visited: Ossuary and Bailey.

You collected 765 gold pieces.

Inventory:

Jewellery
 x - a +4 ring of evasion (left paw)
Wands
 h - a wand of flame (36)
 t - a wand of polymorph (14)
Scrolls
 c - a scroll of immolation
 k - a scroll of summoning {unknown}
 q - a scroll of fear
 r - 4 scrolls of blinking
 s - a scroll of enchant armour {unknown}
 v - 2 scrolls of identify
 w - 3 scrolls of teleportation
 y - a scroll of acquirement {unknown}
 z - a scroll of fog {unknown}
Potions
 a - 2 potions of magic
 b - 3 potions of curing
 d - 6 potions of heal wounds
 e - 4 potions of resistance
 f - 2 potions of mutation
 g - 2 potions of haste
 i - 2 potions of might {unknown}
 j - a potion of cancellation
 l - 2 potions of flight
 m - 3 potions of lignification
 n - 3 potions of ambrosia
 o - 2 potions of brilliance {unknown}
 p - 3 potions of attraction
Miscellaneous
 u - a tin of tremorstones (2/2)


   Skills:
 + Level 8.1 Fighting
 + Level 7.9 Dodging
 + Level 8.6 Stealth
 + Level 7.7 Spellcasting
 + Level 9.1 Conjurations
 - Level 8.2 Hexes
 - Level 8.5 Translocations
 - Level 1.9 Ice Magic
 - Level 4.5 Evocations


You had 3 spell levels left.
You knew the following spells:

 Your Spells              Type           Power      Damage    Failure   Level
a - Magic Dart            Conj           100%       1d8       1%          1
b - Searing Ray           Conj           100%       2d8       1%          2
c - Fulminant Prism       Conj/Hex       25%        3d14      1%          4
d - Iskenderun's Mystic   Conj/Tloc      51%        2d11      1%          4
e - Confusing Touch       Hex            49%        N/A       1%          3
f - Dazzling Flash        Conj/Hex       100%       N/A       1%          3
g - Frozen Ramparts       Ice            36%        1d6       2%          3
h - Apportation           Tloc           100%       N/A       1%          1

Your spell library contained the following spells:

 Spells                   Type           Power      Damage    Failure   Level
 Inner Flame              Hex/Fire       29%        N/A       1%          3
 Slow                     Hex            100%       N/A       1%          1
 Mephitic Cloud           Conj/Pois/Air  23%        N/A       1%          3
 Necrotise                Necr           36%        1d5       7%          1
 Summon Small Mammal      Summ           36%        N/A       7%          1
 Call Imp                 Summ           9%         N/A       10%         2
 Vampiric Draining        Necr           9%         2d6       21%         3


Dungeon Overview and Level Annotations

Branches:
Dungeon (11/15)            Temple (1/1) D:7            Lair (2/5) D:9
Ossuary (visited)          Bailey (visited)
  Swamp: Lair:2-3    Shoals: Lair:2-3     Snake: Lair:2-3    Spider: Lair:2-3
    Orc: D:9-12

Altars:
Ashenzari
Cheibriados
Dithmenos
Elyvilon
Fedhas
Gozag
Hepliaklqana
Kikubaaqudgha
Makhleb
Nemelex Xobeh
Okawaru
Qazlal
Ru
Sif Muna
Trog
Uskayaw
Vehumet
Wu Jian
Xom
Yredelemnul
Zin
The Shining One

Shops:
D:2 (

Annotations:
Lair:1 exclusion: oklob plant


Innate Abilities, Weirdness & Mutations

You have sharp claws.
You have razor-sharp teeth.
You have supernaturally acute eyesight. (SInv)
You cover ground quickly. (Speed+)
You are covered in thick fur. (AC +2)
Your paws help you pounce on unaware monsters.
You are incapable of wielding weapons or throwing items.
You cannot wear armour.
You gain extra lives every three experience levels.


Message History

The plant is lightly damaged.
The searing ray hits the cane toad!
The cane toad is moderately wounded. (Press . to maintain the ray.)
Your fulminant prism explodes!
You hear a roar!
The searing ray hits the cane toad but does no damage.
The cane toad is moderately wounded.
The cane toad misses you.
The searing ray hits the cane toad.
The cane toad is moderately wounded.
The cane toad stings you.
You are poisoned.
The cane toad poisons you!
The searing ray hits the cane toad.
The cane toad is moderately wounded.
You finish channelling your searing ray.
You feel very sick. The cane toad closely misses you.
Casting: Searing Ray (safe; 1% risk of failure)
Confirm with . or Enter, or press ? or * to list all spells.
Aiming: Searing Ray (safe; 1% risk of failure)
Press: ? - help, Shift-Dir - straight line, f/p - cane toad
Aim: a cane toad (moderately wounded, 85% to hit)
The searing ray hits the cane toad.
The cane toad is heavily wounded. (Press . to maintain the ray.)
You feel very sick.
A nearby plant withers and dies.
The cane toad stings you! The cane toad stings you.
You are more poisoned.
The cane toad poisons you!
The searing ray hits the cane toad.
The cane toad is heavily wounded.
You feel very sick. The cane toad misses you.
The searing ray misses the cane toad.
You feel very sick. The cane toad stings you!!
You die...

.............$... ..............
...#....#.#...... ..............
.....##.#......## P###.#........
.........##....# ####..##.#.#
..##^........... #####..#..######
..##...........###......+.#####P.
..PP.F.........P.#....#.#.#......
..............$F.#....+..........
.....<...#......@.#+P###..#......
..P#...##.......P##.P.##..##.###.
...#..PP#.#.....##.P..###.#### ##
................ ...P.. ..#
...........................
.#P#####.###.###P####.##P.#. .###
..### ## ###### ## ###


You could see a cane toad.

Vanquished Creatures
  Amaemon (D:10)
  Pikel (D:7)
  An orange demon (D:10)
  3 cane toads
  3 komodo dragons (Lair:1)
  6 blink frogs
  2 wyverns
  A wraith (D:10)
  8 yaks
  A basilisk (Lair:2)
  4 steam dragons
  Menkaure (D:6)
  3 wargs (D:9)
  An acid dragon (D:10)
  9 water moccasins
  4 black bears
  9 orc warriors
  9 wolves (Lair:1)
  4 ogres
  4 centaurs
  4 lemures (D:7)
  2 phantoms (D:5)
  2 kobold brigands
  3 necrophages
  9 bullfrogs
  2 gnoll sergeants (D:9)
  5 scorpions
  14 wights
  3 killer bees (D:8)
  An electric eel (D:6)
  9 orc priests
  2 hounds (D:5)
  3 jellies
  A gnoll bouda (D:10)
  Crazy Yiuf (D:7)
  6 orc wizards
  2 iguanas
  4 mummies (Ossuary)
  7 adders
  17 gnolls
  A shadow imp (D:6)
  2 ufetubi
  2 worms
  5 dart slugs
  46 orcs
  8 endoplasms
  A giant cockroach (D:3)
  2 gnoll zombies (Ossuary)
  12 goblins
  11 hobgoblins
  2 jackals (D:1)
  4 quokkas
  8 ball pythons
  2 bats
  2 frilled lizards (D:3)
  A goblin skeleton (Ossuary)
  3 goblin zombies (Ossuary)
  6 hobgoblin skeletons (Ossuary)
  2 hobgoblin zombies (Ossuary)
  14 kobolds
  5 kobold skeletons (Ossuary)
  9 kobold zombies (Ossuary)
  5 orc skeletons (Ossuary)
  4 orc zombies (Ossuary)
  8 rats
  8 rat skeletons (Ossuary)
  5 rat zombies (Ossuary)
350 creatures vanquished.

Vanquished Creatures (others)
  116 fulminant prisms
  19 fungi
  27 plants
162 creatures vanquished.

Grand Total: 512 creatures vanquished

Notes
Turn   | Place    | Note
-------+----------+-------------------------------------------
     0 | D:1      | Wobber the Felid Conjurer began the quest for the Orb.
     0 | D:1      | Reached XP level 1. HP: 7/7 MP: 4/4
   290 | D:1      | Reached XP level 2. HP: 12/12 MP: 1/6
   689 | D:1      | Learned a level 2 spell: Searing Ray
   725 | D:1      | Found a faded altar of an unknown god.
   734 | D:1      | Reached skill level 1 in Fighting
  1065 | D:1      | Reached XP level 3. HP: 15/15 MP: 4/7
  1448 | D:2      | Reached skill level 4 in Conjurations
  1847 | D:2      | Found a glowing golden altar of the Shining One.
  1961 | D:2      | Reached XP level 4. HP: 19/19 MP: 4/8
  2178 | D:2      | Found Lehyrom's Weapon Emporium.
  2304 | D:2      | Noticed a necrophage
  2329 | D:2      | Killed a necrophage
  2330 | D:2      | Reached XP level 5. HP: 22/22 MP: 1/10
  2496 | D:2      | Learned a level 4 spell: Fulminant Prism
  2604 | D:3      | HP: 1/22 [hound (4)]
  2627 | D:3      | HP: 1/22 [hound (2)]
  3252 | D:3      | Reached skill level 1 in Hexes
  3633 | D:4      | Noticed an ogre
  3687 | D:4      | Gained mutation: You are covered in thick fur. (AC +2)
                  | [Felid growth]
  3687 | D:4      | Reached XP level 6. HP: 24/27 MP: 3/11
  4397 | D:4      | Reached skill level 5 in Conjurations
  4510 | D:4      | Reached XP level 7. HP: 31/31 MP: 7/13
  5705 | D:5      | Entered Level 5 of the Dungeon
  5955 | D:5      | Reached skill level 5 in Stealth
  6025 | D:5      | Reached skill level 5 in Hexes
  6288 | D:5      | Reached skill level 5 in Dodging
  6554 | D:5      | Reached XP level 8. HP: 34/35 MP: 7/14
  7135 | D:5      | Reached skill level 6 in Conjurations
  7530 | D:6      | Noticed Menkaure
  7538 | D:6      | Killed Menkaure
  7805 | D:6      | Learned a level 4 spell: Iskenderun's Mystic Blast
  8013 | D:6      | Reached skill level 1 in Translocations
  8335 | D:6      | Reached XP level 9. HP: 39/39 MP: 11/17
  9186 | D:6      | Learned a level 1 spell: Slow
  9190 | D:6      | Learned a level 3 spell: Dazzling Flash
  9262 | D:7      | Found a sand-covered staircase.
  9267 | Ossuary  | Entered an ossuary
 10619 | D:7      | Reached skill level 5 in Fighting
 10619 | D:7      | Reached skill level 5 in Spellcasting
 10620 | D:7      | Reached skill level 7 in Conjurations
 10789 | D:7      | Found a staircase to the Ecumenical Temple.
 11185 | D:7      | Noticed Pikel
 11406 | Temple   | Entered the Ecumenical Temple
 11682 | Temple   | Learned a level 3 spell: Confusing Touch
 11685 | Temple   | Became a worshipper of Vehumet
 12544 | D:7      | Killed Pikel
 12545 | D:7      | Reached skill level 5 in Translocations
 12839 | D:7      | Found a runed translucent door.
 12840 | D:7      | Noticed Crazy Yiuf
 12842 | D:7      | Identified the +7 hammer of Umaidieh {vorpal, +Blink rPois}
 12880 | D:7      | Killed Crazy Yiuf
 13314 | D:8      | Found the +7 staff of the Meek {protect, meekguard}
 13397 | D:8      | Reached XP level 10. HP: 45/45 MP: 7/19
 15009 | D:9      | Reached skill level 1 in Evocations
 15101 | D:9      | Found a bloodstained altar of Trog.
 15517 | D:9      | Reached * piety under Vehumet
 15517 | D:9      | Offered knowledge of Freeze by Vehumet.
 16227 | D:9      | Identified the +0 robe of Hepliaklqana's Favour {rC++
                  | Int-2}
 16468 | D:9      | Found a staircase to the Lair.
 16790 | D:10     | Entered Level 10 of the Dungeon
 16812 | D:10     | Reached skill level 8 in Conjurations
 17171 | D:10     | Found a flagged portal.
 17181 | Bailey   | Entered a bailey
 17189 | Bailey   | Offered knowledge of Scorch by Vehumet.
 17197 | Bailey   | Reached ** piety under Vehumet
 17995 | D:10     | Reached XP level 11. HP: 49/49 MP: 11/21
 18363 | D:10     | Noticed Amaemon
 18403 | D:10     | Killed Amaemon
 18730 | D:10     | Offered knowledge of Frozen Ramparts by Vehumet.
 18985 | D:11     | Noticed a two-headed ogre
 19022 | Lair:1   | Entered Level 1 of the Lair of Beasts
 19368 | D:9      | Reached *** piety under Vehumet
 19474 | D:9      | Learned a level 3 spell: Frozen Ramparts
 19728 | Lair:1   | Reached skill level 1 in Ice Magic
 21225 | Lair:1   | Noticed an oklob plant
 21435 | Lair:1   | Reached skill level 9 in Conjurations
 21972 | Lair:1   | Learned a level 1 spell: Apportation
 22121 | Lair:2   | Noticed a four-headed hydra
 22347 | Lair:2   | Slain by a blink frog
 22348 | Lair:2   | Reached XP level 10. HP: -5/48 MP: 13/22
 22368 | Lair:2   | Noticed a black mamba
 22375 | Lair:2   | Slain by a black mamba
 22376 | Lair:2   | Reached XP level 9. HP: 0/44 MP: 17/21
 22381 | Lair:2   | Offered knowledge of Inner Flame by Vehumet.
 22383 | Lair:2   | Reached XP level 10. HP: 48/48 MP: 12/22
 22383 | Lair:2   | Noticed a cane toad
 22567 | Lair:2   | Slain by a cane toad

Illustrated notes

Levels and vault maps discovered:
D:1:      minmay_arrival_nine_rooms, layout_loops_ring,
          hellmonk_ecumenical_altar_zigzags
D:2:      layout_rooms, serial_shops, nicolae_shop_statue_plus, basic_altar,
          grunt_decor_junction
D:3:      layout_basic
D:4:      layout_basic
D:5:      layout_gridville, kennysheep_generic_room_8
D:6:      layout_loops_ring, serial_glass, glass_columns_a, glass_columns_a,
          glass_columns_b, minivault_4, uniq_menkaure
D:7:      layout_basic, minmay_temple_entry_water_ring, enter_ossuary_5,
          uniq_crazy_yiuf_cottage, uniq_pikel
D:8:      layout_loops_cross, serial_aquarium, aquarium_bridge_straight
          [aquarium_subvault_bridge, aquarium_subvault_wall,
          aquarium_subvault_bridge, aquarium_subvault_wall],
          aquarium_bridge_long_joined [aquarium_subvault_bridge,
          aquarium_subvault_bridge, aquarium_subvault_bridge,
          aquarium_subvault_wall, aquarium_subvault_wall,
          aquarium_subvault_bridge], aquarium_window_1, aquarium_window_2,
          aquarium_window_fake, aquarium_view_2d, aquarium_view_2b,
          aquarium_balcony_5b, aquarium_pool_split, minmay_misc_feat_x
D:9:      layout_basic, lemuel_doored_altar, erik_lair_orcish_takeover,
          serial_park_tiny_2, minmay_between
D:10:     layout_gridville, enter_bailey_3, uniq_amaemon
D:11:     layout_basic, orc_david_3, special_room [special_room_orc],
          portal_ice_cave_demonic_guard
Temple:   mainiacjoe_temple_starburst
Lair:1:   minmay_lair_oklob_chamber, layout_small_grid, beast_lair_carwin_3,
          serial_bayou_shore_a, grunt_megastairs_5
Lair:2:   layout_regular_city, spider_nest_entry_web_field, lemuel_fruit_tree

Skill      XL: |  1  2  3  4  5  6  7  8  9 10 11 |
---------------+----------------------------------+-----
Fighting       | 1 2 3 4 5 6 8 |  8.1
Stealth        | 3 4 5 6 7 8 |  8.6
Dodging        | 3 4 5 7 |  7.9
Conjurations   | 4 5 6 7 8 9 |  9.1
Spellcasting   | 3 4 5 6 7 |  7.7
Hexes          | 2 3 5 7 8 |  8.2
Translocations | 2 5 7 8 |  8.5
Evocations     | 4 |  4.5
Ice Magic      | 1 |  1.9

Action                   |  1- 3 |  4- 6 |  7- 9 | 10-12 || total
-------------------------+-------+-------+-------+-------++-------
Melee: Unarmed           |     3 |     2 |    22 |    38 ||    65
       Bite              |       |       |     3 |     8 ||    11
 Cast: Magic Dart        |    67 |    71 |   263 |   129 ||   530
       Searing Ray       |     7 |    19 |    50 |    51 ||   127
       Fulminant Prism   |       |       |    20 |    96 ||   116
       Iskenderun's Myst |       |       |     5 |    36 ||    41
       Confusing Touch   |       |       |     4 |     6 ||    10
       Dazzling Flash    |       |       |     2 |     3 ||     5
       Apportation       |       |       |       |     1 ||     1
Evoke: Wand              |       |       |       |     4 ||     4
  Use: Scroll            |     2 |     1 |    19 |     3 ||    25
       Potion            |       |     1 |       |     5 ||     6
 Stab: Sleeping          |       |       |     2 |     3 ||     5
Armor: Skin              |       |     2 |       |    12 ||    14
Dodge: Dodged            |     8 |    30 |    60 |   174 ||   272
